[Event "Titled Tuesday Blitz May 4 2021"]
[White "Srihari L R"]
[Black "Alavkin, Arseny"]
[WhiteFideId "46617116"]
[BlackFideId "4120612"]
[WhiteElo "2121"]
[BlackElo "2416"]
[Result "1-0"]
[Round "10"]
[TimeControl "180+1"]
[Date "2021.05.04"]
[WhiteClock "0:01:29"]
[BlackClock "0:02:19"]

1. d4 Nf6 2. Bg5 d5 3. Nd2 c5 4. e3 Nc6 5. c3 Qb6 6. Qb3 e6 7. Ngf3 Be7 8. Qxb6 axb6 9. a3 O-O 10. Bd3 c4 11. Bc2 b5 12. O-O Nd7 13. Bxe7 Nxe7 14. e4 Nb6 15. Rfe1 Na4 16. Rab1 Re8 17. exd5 exd5 18. Ne5 Bf5 19. Bxf5 Nxf5 20. Kf1 Nd6 21. Ng4 Rxe1+ 22. Kxe1 Re8+ 23. Kd1 g5 24. Nf6+ Kg7 25. Nxe8+ Nxe8 26. Kc2 f6 27. Re1 Kf7 28. Nf1 Nd6 29. Ne3 Nb6 30. g4 Kg6 31. f3 h5 32. gxh5+ Kxh5 33. Ng4 f5 34. Re6 Nbc8 35. Rh6# 1-0


[Site "https://www.chess.com"]

[Event "Titled Tuesday Blitz May 4 2021"]
[White "Srisshhhtea"]
[Black "Heinemann, Josefine"]
[BlackFideId "12900460"]
[WhiteElo "2399"]
[BlackElo "2300"]
[Result "1-0"]
[Round "10"]
[TimeControl "180+1"]
[Date "2021.05.04"]
[WhiteClock "0:00:09"]
[BlackClock "0:00:11"]

1. d4 Nf6 2. c4 g6 3. Nc3 d5 4. Nf3 Bg7 5. Bf4 O-O 6. e3 Be6 7. Ng5 c5 8. Nxe6 fxe6 9. Be2 cxd4 10. exd4 Ne4 11. Be3 Qa5 12. Qb3 Nc6 13. Rd1 Nxc3 14. bxc3 Qb6 15. O-O Na5 16. Qa4 Nxc4 17. Bxc4 dxc4 18. Qxc4 Rac8 19. Qd3 Qc6 20. Bd2 e5 21. d5 Qc4 22. Bg5 Qxd3 23. Rxd3 Rfe8 24. f3 Kf7 25. Rc1 Red8 26. c4 Rc5 27. Be3 Ra5 28. a3 b6 29. Bd2 Ra4 30. c5 bxc5 31. Rxc5 Rd7 32. Kf1 Bf6 33. Ke2 e6 34. dxe6+ Kxe6 35. Rc6+ Ke7 36. Rxd7+ Kxd7 37. Rxf6 Ke7 38. Rc6 Kd7 39. Rc3 Kd6 40. Rb3 Kd5 41. Bb4 a5 42. Rd3+ Kc4 43. Bf8 Kb5 44. Rd5+ Kc6 45. Rxe5 Rc4 46. Rxa5 Rc2+ 47. Kf1 Kd7 48. Rc5 Ra2 49. Rc3 1-0


[Site "https://www.chess.com"]

[Event "Titled Tuesday Blitz May 4 2021"]
[White "Suarez Uriel, Adrian"]
[Black "Degtiarev, Evgeny"]
[WhiteFideId "22230874"]
[BlackFideId "4149610"]
[WhiteElo "2299"]
[BlackElo "2218"]
[Result "0-1"]
[Round "10"]
[TimeControl "180+1"]
[Date "2021.05.04"]
[WhiteClock "0:00:04"]
[BlackClock "0:00:13"]

1. Nf3 d5 2. b3 c6 3. Bb2 Nf6 4. g3 g6 5. c4 Bg7 6. Bg2 O-O 7. O-O a5 8. Nc3 Na6 9. d4 Bf5 10. Nh4 Be6 11. c5 b6 12. cxb6 Qxb6 13. Rc1 Rfd8 14. e3 Nd7 15. Nf3 Bg4 16. h3 Bxf3 17. Bxf3 e6 18. Be2 Bf8 19. Na4 Qb7 20. h4 Rac8 21. h5 Nc7 22. Nc5 Nxc5 23. dxc5 Ne8 24. hxg6 hxg6 25. Kg2 Rd7 26. Rh1 f6 27. Bg4 Re7 28. Qf3 Bg7 29. Rh2 f5 30. Bxg7 Rxg7 31. Rch1 Nf6 32. Rh8+ Kf7 33. Rxc8 Qxc8 34. Bh3 Qf8 35. Qf4 Qxc5 36. Qc7+ Qe7 37. Qxc6 g5 38. Kg1 g4 39. Bf1 Ne4 40. Rh8 Ng5 41. Be2 Nf3+ 42. Bxf3 gxf3 43. Qc8 Kg6 44. Qc2 Qf6 45. Qc8 Qa1+ 46. Kh2 Qf6 47. Qe8+ Rf7 48. Rg8+ Kh7 49. Rh8+ Qxh8 50. Qxf7+ Qg7 51. Qh5+ Qh6 52. Qxh6+ Kxh6 53. Kh3 e5 54. a3 d4 55. exd4 exd4 56. Kh2 d3 57. Kg1 d2 58. Kf1 d1=Q# 0-1


[Site "https://www.chess.com"]

[Event "Titled Tuesday Blitz May 4 2021"]
[White "Sumaneev, Dmitry"]
[Black "Kovacs, Klara"]
[WhiteFideId "4125312"]
[BlackFideId "733210"]
[WhiteElo "2467"]
[BlackElo "2120"]
[Result "1-0"]
[Round "10"]
[TimeControl "180+1"]
[Date "2021.05.04"]
[WhiteClock "0:00:57"]
[BlackClock "0:00:39"]

1. e4 e6 2. Qe2 c5 3. Nf3 Nc6 4. d3 Nge7 5. g3 d5 6. Bg2 g6 7. O-O Bg7 8. c3 O-O 9. Re1 b5 10. a4 b4 11. c4 dxc4 12. dxc4 Ba6 13. Qc2 Na5 14. Nbd2 Rb8 15. Bf1 Nec6 16. Nb3 Nxb3 17. Qxb3 Na5 18. Qe3 Qc7 19. Nd2 Rfd8 20. Rb1 Bd4 21. Qg5 b3 22. e5 Rb4 23. Nf3 Nxc4 24. Qf6 Rxa4 25. Bh6 Bxe5 26. Nxe5 Qxe5 27. Qxd8# 1-0


[Site "https://www.chess.com"]

[Event "Titled Tuesday Blitz May 4 2021"]
[White "Suvorov, Luca"]
[Black "Bach, Matthias"]
[WhiteFideId "12977071"]
[BlackFideId "4603168"]
[WhiteElo "2127"]
[BlackElo "2213"]
[Result "1-0"]
[Round "10"]
[TimeControl "180+1"]
[Date "2021.05.04"]
[WhiteClock "0:00:09"]
[BlackClock "0:00:01"]

1. d4 Nf6 2. c4 c5 3. d5 e6 4. Nc3 exd5 5. cxd5 d6 6. Nf3 g6 7. Bf4 Bg7 8. Qa4+ Bd7 9. Qb3 b5 10. Bxd6 Qb6 11. Be5 O-O 12. e3 c4 13. Qd1 b4 14. Nb1 Rc8 15. Be2 Bb5 16. O-O Nbd7 17. Bd4 Qb7 18. a3 a5 19. axb4 axb4 20. Rxa8 Qxa8 21. b3 Qxd5 22. bxc4 Bxc4 23. Bxc4 Qxc4 24. Nbd2 Qc2 25. Qb1 Qxb1 26. Rxb1 Nd5 27. g3 f5 28. Bxg7 Kxg7 29. Nd4 Ne5 30. Kf1 Rc3 31. h3 Rd3 32. Ke1 Rc3 33. Kd1 Ra3 34. Rc1 Nc3+ 35. Ke1 Nd3+ 36. Kf1 Nxc1 37. Nc4 Ra1 38. Kg2 N1a2 39. Nc2 Rc1 40. Nd4 Rb1 41. Nd2 Rd1 42. Nc4 Rxd4 43. exd4 Nc1 44. Nb2 b3 45. Kf3 N1a2 46. Ke3 Kf7 47. Kd3 Ke6 48. Kc4 Ne2 49. Kxb3 Nac1+ 50. Kc2 Kd5 51. Kd2 Kxd4 52. Nd1 Ke4 53. Ne3 Kf3 54. g4 Nd3 55. Kxd3 Nf4+ 56. Kd2 1-0


[Site "https://www.chess.com"]

[Event "Titled Tuesday Blitz May 4 2021"]
[White "Svidler, Peter"]
[Black "Lazavik, Denis"]
[WhiteFideId "4102142"]
[BlackFideId "13515110"]
[WhiteElo "2754"]
[BlackElo "2436"]
[Result "0-1"]
[Round "10"]
[TimeControl "180+1"]
[Date "2021.05.04"]
[WhiteClock "0:02:37"]
[BlackClock "0:02:17"]

1. e4 e5 2. Nf3 Nc6 3. Bc4 Bc5 4. c3 Nf6 5. d3 d6 6. O-O a6 7. a4 h6 8. Re1 O-O 9. h3 Be6 10. Bxe6 fxe6 11. b4 Ba7 12. Ra2 Nh5 13. Na3 Nf4 14. Bxf4 Rxf4 15. Rf1 Qf6 16. Nc4 Ne7 17. Ncd2 Rf8 18. Kh1 Ng6 19. Qe2 Qf7 20. Rb2 Rf6 21. a5 Nf4 0-1


[Site "https://www.chess.com"]

[Event "Titled Tuesday Blitz May 4 2021"]
[White "Sztokbant, Bernardo Vainzoff"]
[Black "Dogan, Mire Deniz"]
[WhiteFideId "2115956"]
[BlackFideId "6317456"]
[WhiteElo "2264"]
[BlackElo "1850"]
[Result "1-0"]
[Round "10"]
[TimeControl "180+1"]
[Date "2021.05.04"]
[WhiteClock "0:00:05"]
[BlackClock "0:00:03"]

1. e4 c5 2. Nf3 d6 3. d4 cxd4 4. Nxd4 Nf6 5. Nc3 a6 6. Be2 e5 7. Nb3 Be7 8. O-O O-O 9. a4 Be6 10. f4 exf4 11. Bxf4 Nc6 12. Qd2 Ne5 13. Kh1 Rc8 14. Nd4 Qb6 15. Rab1 Nc4 16. Bxc4 Rxc4 17. Rfd1 Bg4 18. a5 Qc5 19. Nb3 Qh5 20. Re1 Be6 21. Nd4 Ng4 22. Rbd1 Bg5 23. h3 Rxd4 24. Qxd4 Bxf4 25. Kg1 Qh6 26. hxg4 Bg3 27. Ne2 Qh2+ 28. Kf1 Bxe1 29. Rxe1 Bxg4 30. Ng1 f5 31. e5 dxe5 32. Qxe5 f4 33. Qd5+ Kh8 34. Qd6 Rg8 35. Re4 1-0


[Site "https://www.chess.com"]

[Event "Titled Tuesday Blitz May 4 2021"]
[White "Tang, Andrew"]
[Black "Nakamura, Hikaru"]
[WhiteFideId "2059630"]
[BlackFideId "2016192"]
[WhiteElo "2584"]
[BlackElo "2900"]
[Result "0-1"]
[Round "10"]
[TimeControl "180+1"]
[Date "2021.05.04"]
[WhiteClock "0:00:03"]
[BlackClock "0:00:09"]

1. d4 b6 2. Bf4 Bb7 3. e3 g6 4. a4 a5 5. Nf3 Bg7 6. Nbd2 d6 7. Bb5+ Nd7 8. O-O Nf6 9. h3 O-O 10. Re1 Re8 11. e4 e5 12. dxe5 dxe5 13. Bg5 Qe7 14. c3 Red8 15. Qc2 h6 16. Bh4 Nc5 17. Bc4 Kh7 18. b4 Ne6 19. Nxe5 axb4 20. Ng4 Ng5 21. e5 Nxg4 22. hxg4 Nh3+ 23. gxh3 Qxh4 24. Re3 bxc3 25. Qxc3 Rd7 26. Ne4 Rad8 27. Rae1 Re7 28. Nf6+ Kh8 29. f4 h5 30. Rf1 Bxf6 31. exf6 Rxe3 32. Qxe3 hxg4 33. Bxf7 Qxf6 34. Be6 g3 35. Re1 Re8 36. Qe5 Qxe5 37. Rxe5 Rd8 38. Bc4 Rd1+ 39. Bf1 g2 0-1


[Site "https://www.chess.com"]

[Event "Titled Tuesday Blitz May 4 2021"]
[White "Tarasova, Viktoriya"]
[Black "Shkapenko, Pavel"]
[WhiteFideId "4175840"]
[BlackFideId "4151933"]
[WhiteElo "2182"]
[BlackElo "2386"]
[Result "1-0"]
[Round "10"]
[TimeControl "180+1"]
[Date "2021.05.04"]
[WhiteClock "0:00:07"]
[BlackClock "0:00:11"]

1. d4 Nf6 2. c4 e6 3. Nc3 Bb4 4. Nf3 c5 5. g3 cxd4 6. Nxd4 Ne4 7. Qd3 Bxc3+ 8. bxc3 Nc5 9. Qe3 b6 10. Bg2 Bb7 11. Bxb7 Nxb7 12. O-O O-O 13. Ba3 Re8 14. Rfd1 Na6 15. Nb5 Nac5 16. Bxc5 Nxc5 17. Nd6 Rf8 18. Rd4 f5 19. Rad1 Qf6 20. f4 Qe7 21. Qe5 Qf6 22. Kf2 Qxe5 23. fxe5 Rfd8 24. h4 Kf8 25. Ke3 Ke7 26. g4 fxg4 27. Rxg4 Rg8 28. Rdg1 g6 29. h5 Raf8 30. hxg6 hxg6 31. Rxg6 Rxg6 32. Rxg6 Kd8 33. Rg7 Kc7 34. Rg1 a6 35. Rh1 Rg8 36. Kd2 Rg5 37. Nf7 Rg4 38. Nd6 Rg5 39. Nf7 Rf5 40. Rh7 Nb7 41. Ke3 Na5 42. Kd3 Nb7 43. Rg7 Nc5+ 44. Ke3 Nb7 45. Rh7 Rf1 46. Ng5 Nc5 47. Rh8 Rc1 48. Nf7 Rxc3+ 49. Kd4 Rc1 50. Nd6 Rd1+ 51. Ke3 b5 52. Rc8+ Kb6 53. Rb8+ Ka5 54. cxb5 Rb1 55. b6 Na4 56. Nc4+ Kb4 57. Nd6 Ka3 58. b7 Nc5 59. Ra8 Nxb7 60. Rb8 Kxa2 61. Rxb7 Rxb7 62. Nxb7 Kb3 63. Nc5+ Kc4 64. Nxa6 Kd5 65. Nb8 d6 66. exd6 Kxd6 67. Na6 Kc6 68. Nb4+ Kc5 69. Nd3+ Kd5 70. Kd2 Kd4 71. Kc2 Ke3 72. Kd1 Ke4 73. Ne1 Kd4 74. Nc2+ Ke4 75. Kd2 e5 76. e3 Kf3 77. Kd3 1-0


[Site "https://www.chess.com"]

[Event "Titled Tuesday Blitz May 4 2021"]
[White "Tejedor Fuente, Enrique"]
[Black "Novikov, Evgenij"]
[WhiteFideId "2299100"]
[BlackFideId "4125380"]
[WhiteElo "2535"]
[BlackElo "2242"]
[Result "0-1"]
[Round "10"]
[TimeControl "180+1"]
[Date "2021.05.04"]
[WhiteClock "0:00:02"]
[BlackClock "0:00:09"]

1. e4 c6 2. Nc3 d5 3. d4 g6 4. Nf3 Bg4 5. Be3 Bg7 6. h3 Bxf3 7. Qxf3 e6 8. O-O-O Nf6 9. Kb1 dxe4 10. Nxe4 Nxe4 11. Qxe4 Nd7 12. Bc4 Nb6 13. Bb3 a5 14. c3 a4 15. Bc2 Nd5 16. a3 Qb6 17. Ka1 O-O 18. Bc1 c5 19. dxc5 Qxc5 20. Rd3 Ra6 21. c4 Nb6 22. Be3 Qxc4 23. Qxc4 Nxc4 24. Bd4 e5 25. Bc3 b5 26. Rd5 Rc6 27. Rxb5 Nxa3 28. Bxa4 Nxb5 29. Bxb5 Rb6 30. Be2 e4 31. Rc1 Rfb8 32. Bxg7 Kxg7 33. Rc2 R8b7 34. Bc4 f5 35. b3 Kf6 36. Rd2 h6 37. Kb2 Rc7 38. h4 Rxc4 39. Re2 Rcb4 40. Re3 f4 41. Rc3 g5 42. hxg5+ hxg5 43. Kc2 R4b5 44. Rc8 Rxb3 45. Rf8+ Kg7 46. Re8 e3 47. fxe3 Rxe3 48. Rd8 Rc6+ 49. Kd2 Rce6 50. Rd7+ Kg6 51. Rd8 Kf5 52. Rf8+ Kg4 53. Rh8 Re2+ 54. Kd3 Rxg2 55. Kd4 Re1 56. Kd5 Rd2+ 57. Kc4 Rc1+ 58. Kb3 Rd7 59. Kb2 Rc6 60. Rb8 f3 61. Rb5 f2 62. Rb4+ Kg3 63. Rb3+ Kg2 64. Ka3 Ra7+ 65. Kb2 g4 66. Rb4 g3 67. Rb5 f1=Q 68. Rd5 Qf2+ 69. Kb3 Qc2+ 70. Kb4 Ra4+ 71. Kb5 Qc4# 0-1


[Site "https://www.chess.com"]

[Event "Titled Tuesday Blitz May 4 2021"]
[White "Terletsky, Oleg"]
[Black "Kononenko, Dmitry"]
[WhiteFideId "14116774"]
[BlackFideId "14113538"]
[WhiteElo "2094"]
[BlackElo "2289"]
[Result "0-1"]
[Round "10"]
[TimeControl "180+1"]
[Date "2021.05.04"]
[WhiteClock "0:00:01"]
[BlackClock "0:00:19"]

1. e4 c6 2. d4 d5 3. Nc3 dxe4 4. Nxe4 Bf5 5. Ng3 Bg6 6. h4 h6 7. Nf3 Nd7 8. h5 Bh7 9. Bd3 Bxd3 10. Qxd3 e6 11. Bf4 Ngf6 12. O-O-O Be7 13. Kb1 b5 14. Qe2 O-O 15. Ne5 Nxe5 16. dxe5 Nd5 17. Bd2 Bg5 18. Ne4 Bxd2 19. Rxd2 a5 20. g3 a4 21. a3 Qb6 22. c3 c5 23. Rc1 b4 24. axb4 cxb4 25. c4 Ne7 26. Rd6 Qc7 27. Rcd1 Nf5 28. c5 a3 29. b3 a2+ 30. Ka1 Nxd6 31. exd6 Qc6 32. Qc4 Rfc8 33. d7 Rd8 34. Rd6 Qc7 35. c6 Ra5 36. Qxb4 Re5 37. f3 f5 38. Nc3 Qa7 39. Qd4 Re1+ 40. Nd1 Qa3 41. c7 Qc1+ 42. Kxa2 Qxc7 43. Nb2 Ra8+ 44. Na4 Re2+ 45. Ka3 Qc1+ 46. Kb4 Qe1+ 47. Kb5 Re5+ 48. Kb6 Qa5+ 49. Kb7 Rb5+ 0-1


[Site "https://www.chess.com"]

[Event "Titled Tuesday Blitz May 4 2021"]
[White "The_filthy"]
[Black "Nozdrachev, Leonid"]
[BlackFideId "24113433"]
[WhiteElo "2418"]
[BlackElo "2246"]
[Result "0-1"]
[Round "10"]
[TimeControl "180+1"]
[Date "2021.05.04"]
[WhiteClock "0:00:20"]
[BlackClock "0:01:02"]

1. e4 d6 2. d4 Nf6 3. Nc3 e5 4. Nf3 Nbd7 5. Bc4 Be7 6. O-O O-O 7. a4 c6 8. dxe5 dxe5 9. Qe2 Bb4 10. Bg5 h6 11. Bh4 Qa5 12. Rad1 Bxc3 13. bxc3 Qxc3 14. Bb3 a5 15. Nd2 b5 16. axb5 cxb5 17. Nb1 Qb4 18. f4 a4 19. fxe5 Qc5+ 20. Bf2 Qxe5 21. Bd5 Nxd5 22. Rxd5 Qe6 23. Qxb5 Ba6 24. Qxd7 Qxd7 25. Rxd7 Bxf1 26. Kxf1 a3 27. Nxa3 Rxa3 28. Bc5 Ra1+ 29. Kf2 Re8 30. Rd4 Ra2 31. Rc4 Rc8 32. Ke3 Ra1 33. h3 Rd1 34. c3 Rdd8 35. e5 Rd5 0-1


[Site "https://www.chess.com"]

[Event "Titled Tuesday Blitz May 4 2021"]
[White "TigrVShlyape"]
[Black "Howell, David W L"]
[BlackFideId "410608"]
[WhiteElo "2840"]
[BlackElo "2643"]
[Result "1/2-1/2"]
[Round "10"]
[TimeControl "180+1"]
[Date "2021.05.04"]
[WhiteClock "0:01:05"]
[BlackClock "0:00:28"]

1. d4 d5 2. Nf3 Nf6 3. Bf4 c5 4. e3 e6 5. c3 Bd6 6. Bb5+ Nc6 7. Bxc6+ bxc6 8. Bxd6 Qxd6 9. Qa4 cxd4 10. cxd4 Bd7 11. Nbd2 O-O 12. O-O Rfb8 13. Qc2 a5 14. Nb3 Ne4 15. Nfd2 a4 16. Nc1 Nxd2 17. Qxd2 c5 18. dxc5 Qxc5 19. Nd3 Qb6 20. Rfc1 Bb5 21. Nc5 Be8 22. b3 axb3 23. Nxb3 h6 24. h3 Ra3 25. Nd4 Rba8 26. Rc2 Qa5 27. Qc1 Qd8 28. Qb2 Qb8 29. Qc1 Qd8 30. Qb2 Qb8 31. Qc1 Qd8 1/2-1/2


[Site "https://www.chess.com"]

[Event "Titled Tuesday Blitz May 4 2021"]
[White "Timmermans, Mark"]
[Black "Yoo, Christopher Woojin"]
[WhiteFideId "1026399"]
[BlackFideId "30909694"]
[WhiteElo "2460"]
[BlackElo "2009"]
[Result "1-0"]
[Round "10"]
[TimeControl "180+1"]
[Date "2021.05.04"]
[WhiteClock "0:00:47"]
[BlackClock "0:00:57"]

1. b4 b6 2. Bb2 Bb7 3. b5 e6 4. a4 Nf6 5. e3 d5 6. Nf3 a5 7. c4 Nbd7 8. Be2 Bd6 9. O-O O-O 10. d4 dxc4 11. Bxc4 Qe7 12. Nbd2 e5 13. dxe5 Nxe5 14. Nxe5 Bxe5 15. Bxe5 Qxe5 16. Be2 Nd5 17. Bf3 Rfd8 18. Qb3 Rab8 19. Rad1 Qe6 20. Qb2 Qf6 21. Qxf6 Nxf6 22. Bxb7 Rxb7 23. Ne4 Rbb8 24. Nxf6+ gxf6 25. g4 Kf8 26. Kg2 Ke7 27. Kf3 Rxd1 28. Rxd1 Rc8 29. Rc1 c5 30. bxc6 Kd6 31. Rd1+ Kxc6 32. Rc1+ Kd7 33. Rxc8 Kxc8 34. Ke4 Kc7 35. Kd5 Kd7 36. Kc4 Kc6 37. f3 h6 38. h3 Kd6 39. Kb5 Kc7 40. e4 Kb7 41. f4 Kc7 42. h4 Kb7 43. h5 1-0


[Site "https://www.chess.com"]

[Event "Titled Tuesday Blitz May 4 2021"]
[White "Tomb, Maroun"]
[Black "Daulyte-Cornette, Deimante"]
[WhiteFideId "5300398"]
[BlackFideId "12802859"]
[WhiteElo "2568"]
[BlackElo "2285"]
[Result "1-0"]
[Round "10"]
[TimeControl "180+1"]
[Date "2021.05.04"]
[WhiteClock "0:00:37"]
[BlackClock "0:00:04"]

1. e4 Nf6 2. e5 Nd5 3. Nc3 Nxc3 4. dxc3 d6 5. Nf3 Bg4 6. Bc4 e6 7. O-O d5 8. Be2 Nd7 9. Bf4 Be7 10. h3 Bxf3 11. Bxf3 Bg5 12. Bg3 O-O 13. c4 c6 14. cxd5 cxd5 15. c3 Rc8 16. Qa4 a6 17. Rad1 Rc4 18. Qb3 Qc7 19. Bxd5 exd5 20. e6 Ne5 21. Rxd5 Bf4 22. Rxe5 Bxe5 23. Bxe5 Qxe5 24. exf7+ Rxf7 25. Qxc4 b5 26. Qc8+ Rf8 27. Qxa6 Rf6 28. Qc8+ Rf8 29. Qg4 h5 30. Qd7 Rf6 31. a4 bxa4 32. Qxa4 Rg6 33. Qa8+ Kh7 34. Qf3 Rf6 35. Qe3 Qd5 36. Ra1 Rg6 37. f3 Re6 38. Qd4 Qg5 39. Kh2 Rg6 40. Qf2 Qf4+ 41. g3 Qc4 42. h4 Re6 43. Re1 Rd6 44. Qc2+ Kh6 45. Qc1+ Kh7 46. Qe3 1-0


[Site "https://www.chess.com"]

[Event "Titled Tuesday Blitz May 4 2021"]
[White "Torkkola, Henri"]
[Black "Bolanos, Fernando"]
[WhiteFideId "507660"]
[BlackFideId "3304094"]
[WhiteElo "2137"]
[BlackElo "1998"]
[Result "0-1"]
[Round "10"]
[TimeControl "180+1"]
[Date "2021.05.04"]
[WhiteClock "0:00:05"]
[BlackClock "0:00:05"]

1. d4 Nf6 2. Bf4 g6 3. e3 Bg7 4. Nf3 O-O 5. Be2 c5 6. c3 d5 7. h3 Nc6 8. O-O b6 9. Nbd2 Bb7 10. a4 Ne4 11. Nxe4 dxe4 12. Nd2 e5 13. dxe5 Nxe5 14. Bxe5 Bxe5 15. Qc2 f5 16. Rfd1 Bc7 17. a5 Qf6 18. a6 Bc6 19. Bc4+ Kh8 20. Nf1 f4 21. exf4 Qxf4 22. Qd2 e3 23. Nxe3 Rad8 24. Qe1 Rde8 25. Bd5 Qh2+ 26. Kf1 Bg3 27. Rd2 Bxd5 28. Rxd5 Bxf2 29. Qxf2 Rxf2+ 30. Kxf2 Qf4+ 31. Kg1 Qxe3+ 32. Kh1 Qe4 33. Rad1 Re7 34. Rd8+ Kg7 35. R8d2 h5 36. Rf1 h4 37. Rfd1 Kh6 38. Rd3 Qc4 39. Rd8 Qxa6 40. R8d3 Qc4 41. R3d2 Qe4 42. Rf2 Qc4 43. Rdf1 Re2 44. Rf4 Qd5 45. Rxh4+ Kg7 46. Rg4 a5 47. Rf3 Rxb2 48. Kh2 Qe5+ 49. Rfg3 Qf5 50. Rf3 Qe6 51. Rfg3 b5 52. h4 Qf5 53. h5 Qxh5+ 54. Kg1 a4 55. Rf4 Qe5 56. Rgf3 a3 57. Kh2 a2 58. Kh3 a1=Q 59. Rf7+ Kh6 60. g4 Rh2# 0-1


[Site "https://www.chess.com"]

[Event "Titled Tuesday Blitz May 4 2021"]
[White "Triapishko, Alexandr"]
[Black "Quintiliano Pinto, Renato R."]
[WhiteFideId "14122286"]
[BlackFideId "2117568"]
[WhiteElo "2490"]
[BlackElo "2439"]
[Result "1-0"]
[Round "10"]
[TimeControl "180+1"]
[Date "2021.05.04"]
[WhiteClock "0:00:02"]
[BlackClock "0:00:02"]

1. d4 d5 2. c4 c6 3. Nf3 Nf6 4. Nc3 dxc4 5. a4 Bf5 6. Ne5 Nbd7 7. Nxc4 Qc7 8. g3 e5 9. dxe5 Nxe5 10. Bf4 Nfd7 11. Bg2 g5 12. Nxe5 gxf4 13. Nxd7 O-O-O 14. Qd4 Qxd7 15. Qxf4 Bd6 16. Qh6 a5 17. O-O Kb8 18. Rfd1 Qe6 19. Qh4 h5 20. e3 Bg4 21. Qg5 Bxd1 22. Rxd1 Be7 23. Qxa5 Rxd1+ 24. Nxd1 h4 25. Nc3 hxg3 26. hxg3 Qd6 27. Bf3 Qf6 28. Kg2 Qh6 29. Kf1 Qh3+ 30. Bg2 Qe6 31. Qb6 Bf6 32. Qc5 Rd8 33. Kg1 Qb3 34. Qf5 Bxc3 35. bxc3 Qd1+ 36. Kh2 Rh8+ 37. Bh3 Qd5 38. Qf4+ Ka7 39. g4 Kb6 40. Kg3 Qh1 41. Qd4+ Ka6 42. Qxh8 Qg1+ 43. Kf3 Qd1+ 44. Kg2 Qd5+ 45. Kh2 Qd6+ 46. Kh1 Qe5 47. Qxe5 1-0


[Site "https://www.chess.com"]

[Event "Titled Tuesday Blitz May 4 2021"]
[White "Urazayev, Arystanbek"]
[Black "Avila Pavas, Santiago"]
[WhiteFideId "13709810"]
[BlackFideId "4437128"]
[WhiteElo "2805"]
[BlackElo "2632"]
[Result "1-0"]
[Round "10"]
[TimeControl "180+1"]
[Date "2021.05.04"]
[WhiteClock "0:00:32"]
[BlackClock "0:00:03"]

1. e4 Nf6 2. e5 Nd5 3. Nc3 Nxc3 4. dxc3 d6 5. Nf3 Nc6 6. Bb5 Bd7 7. Qe2 g6 8. Bf4 Bg7 9. O-O-O O-O 10. h3 Qe8 11. Bc4 Na5 12. Bd3 d5 13. h4 c5 14. h5 c4 15. hxg6 fxg6 16. Bh6 cxd3 17. Qxd3 Bxh6+ 18. Rxh6 Qf7 19. Rdh1 Nc6 20. e6 Bxe6 21. Rxh7 Qf5 22. Qe3 d4 23. Qh6 Rac8 24. Qg7# 1-0


[Site "https://www.chess.com"]

[Event "Titled Tuesday Blitz May 4 2021"]
[White "Vasquez Schroeder, Rodrigo"]
[Black "Rustemov, Alexander"]
[WhiteFideId "3400042"]
[BlackFideId "4119002"]
[WhiteElo "2572"]
[BlackElo "2633"]
[Result "0-1"]
[Round "10"]
[TimeControl "180+1"]
[Date "2021.05.04"]
[WhiteClock "0:00:22"]
[BlackClock "0:00:39"]

1. e4 e6 2. d4 d5 3. e5 c5 4. c3 Qb6 5. Nf3 Bd7 6. Bd3 cxd4 7. Nxd4 Ne7 8. O-O Nbc6 9. Nf3 h6 10. Nbd2 g5 11. h3 Bg7 12. Re1 Ng6 13. Bxg6 fxg6 14. Qc2 O-O 15. Qxg6 Rf5 16. Nf1 Raf8 17. Ng3 Ne7 18. Qh5 Be8 19. Qg4 Rf4 20. Be3 Qa6 21. Bxf4 Rxf4 22. Qxf4 gxf4 23. Ne2 Ng6 24. Ned4 Bb5 25. a4 Bd3 26. b4 Be4 27. a5 Qc4 28. Rac1 Kf7 29. Nd2 Qd3 30. Red1 Nxe5 31. N2f3 Qc4 32. Nd2 Qc8 33. c4 Nd3 34. Nxe4 dxe4 35. Nb5 Kg6 36. Rc2 Qd7 37. Re2 a6 38. Na3 Qa4 0-1


[Site "https://www.chess.com"]

[Event "Titled Tuesday Blitz May 4 2021"]
[White "Vega Gutierrez, Sabrina"]
[Black "Zemerov, Vladimir"]
[WhiteFideId "2219026"]
[BlackFideId "4111583"]
[WhiteElo "2281"]
[BlackElo "2277"]
[Result "1-0"]
[Round "10"]
[TimeControl "180+1"]
[Date "2021.05.04"]
[WhiteClock "0:00:27"]
[BlackClock "0:01:59"]

1. e4 d5 2. exd5 Qxd5 3. Nf3 Qd6 4. Be2 c6 5. O-O Nf6 6. d4 g6 7. Na3 Bg7 8. Nc4 Qd8 9. Bf4 O-O 10. c3 Nbd7 11. h3 Nb6 12. Nce5 Nfd5 13. Bh2 Nd7 14. c4 N5b6 15. Re1 Nxe5 16. Bxe5 Be6 17. Rc1 Qd7 18. Bxg7 Kxg7 19. Ne5 Qd8 20. Qd2 Nd7 21. Qe3 Nxe5 22. Qxe5+ Kg8 23. Bf3 Re8 24. d5 Bd7 25. h4 Qb8 26. Qd4 cxd5 27. Bxd5 Bc6 28. h5 Qd6 29. h6 e5 30. Bxf7+ 1-0


[Site "https://www.chess.com"]

[Event "Titled Tuesday Blitz May 4 2021"]
[White "Vignesh, N R"]
[Black "Williams, Simon K"]
[WhiteFideId "25012215"]
[BlackFideId "404454"]
[WhiteElo "2401"]
[BlackElo "2468"]
[Result "1-0"]
[Round "10"]
[TimeControl "180+1"]
[Date "2021.05.04"]
[WhiteClock "0:00:48"]
[BlackClock "0:00:15"]

1. c4 f5 2. g3 Nf6 3. Bg2 d6 4. Nc3 e5 5. d3 Be7 6. e3 O-O 7. Nge2 c6 8. O-O Na6 9. Rb1 Nc7 10. b4 a6 11. a4 Qe8 12. b5 axb5 13. axb5 Kh8 14. bxc6 bxc6 15. f4 Bd8 16. h3 h5 17. Bd2 h4 18. Qe1 e4 19. dxe4 fxe4 20. g4 d5 21. g5 Nh5 22. cxd5 cxd5 23. Qxh4 g6 24. Ng3 Ba6 25. Nxh5 gxh5 26. Rf2 Bd3 27. Rb6 Ne6 28. Rd6 d4 29. Nxe4 Ra1+ 30. Kh2 Ng7 31. Nf6 Qg6 32. Ne4 Qf7 33. Rh6+ Kg8 34. Nf6+ Bxf6 35. gxf6 dxe3 36. fxg7 exf2 37. gxf8=Q+ Kxf8 38. Qd8+ Kg7 39. Qh8# 1-0


[Site "https://www.chess.com"]

[Event "Titled Tuesday Blitz May 4 2021"]
[White "Villegas, Pierre"]
[Black "Moultino06"]
[WhiteFideId "654183"]
[WhiteElo "2411"]
[BlackElo "2701"]
[Result "1/2-1/2"]
[Round "10"]
[TimeControl "180+1"]
[Date "2021.05.04"]
[WhiteClock "0:00:18"]
[BlackClock "0:00:08"]

1. d4 Nf6 2. c4 g6 3. f3 e6 4. e4 d5 5. cxd5 exd5 6. Nc3 dxe4 7. fxe4 Nc6 8. Nf3 Bb4 9. Bg5 h6 10. Bxf6 Qxf6 11. Bb5 Bg4 12. O-O O-O-O 13. Nd5 Bxf3 14. Bxc6 Bxd1 15. Rxf6 bxc6 16. Nxb4 Ba4 17. d5 cxd5 18. Nxd5 Bc2 19. Rc1 Bxe4 20. Nxc7 Kb8 21. Na6+ Ka8 22. Nc7+ Kb8 23. Na6+ Ka8 24. Nc7+ Kb8 1/2-1/2


[Site "https://www.chess.com"]

[Event "Titled Tuesday Blitz May 4 2021"]
[White "Visakh N R"]
[Black "serhanberat_ozdemir"]
[WhiteFideId "25012223"]
[WhiteElo "2428"]
[BlackElo "2631"]
[Result "1-0"]
[Round "10"]
[TimeControl "180+1"]
[Date "2021.05.04"]
[WhiteClock "0:00:13"]
[BlackClock "0:00:18"]

1. Nf3 Nf6 2. e3 g6 3. b3 Bg7 4. Bb2 O-O 5. Be2 d6 6. d4 e5 7. O-O e4 8. Nfd2 Re8 9. c4 Qe7 10. Nc3 h5 11. Rc1 Bf5 12. Nd5 Nxd5 13. cxd5 Rc8 14. b4 Nd7 15. Nc4 Nf6 16. Na5 Rab8 17. Qb3 h4 18. h3 Qd7 19. Kh2 Nh7 20. Rfd1 Ng5 21. Bf1 Bf6 22. Rc3 Rf8 23. Rdc1 Bd8 24. Qc2 Kh7 25. Qe2 a6 26. R1c2 Qe7 27. a4 Bd7 28. b5 axb5 29. axb5 Qe8 30. b6 cxb6 31. Nc4 Qe7 32. Ba3 Bc7 33. Ne5 dxe5 34. Bxe7 1-0


[Site "https://www.chess.com"]

[Event "Titled Tuesday Blitz May 4 2021"]
[White "Vlassov, Nikolai"]
[Black "Voege, Tobias"]
[WhiteFideId "4103360"]
[BlackFideId "1270513"]
[WhiteElo "2407"]
[BlackElo "2283"]
[Result "1-0"]
[Round "10"]
[TimeControl "180+1"]
[Date "2021.05.04"]
[WhiteClock "0:01:52"]
[BlackClock "0:01:06"]

1. e4 c5 2. c3 g6 3. d4 cxd4 4. cxd4 d5 5. e5 Nc6 6. Nc3 Bg7 7. Bf4 f6 8. Nf3 fxe5 9. dxe5 d4 10. Nb5 Bg4 11. Nbxd4 Nxe5 12. Nxe5 Bxd1 13. Bb5+ Kf8 14. Ne6# 1-0


[Site "https://www.chess.com"]